AoeStats
← Red Calypso

MegaRandom

509785941Analyzed
4v4 RM · 4d ago on Sep 28, 2026· 26m 27s· 8 players
Game mode
Random Map
Map size
Large (8 player)
Population
200
Speed
Normal
Resources
Standard
Victory
Conquest
Starting age
Dark Age
Ending age
Imperial Age
RankedLock teamsTeams togetherTeam positionsShared explorationLock speedFull tech treeHidden civsTurbo modeCheats
Victory
Defeat
🇺🇸 Britons · United States
1469
+12
🇨🇦 Khitans · Canada
1443
+13
🇦🇹 Saxons · Austria
1431
+14
🇺🇸 Tatars · United States
1393
+15
🇧🇷 Wu · Brazil
1410
-15
🇨🇦 Mongols · Canada
1373
-13
🇬🇹 Spanish · Guatemala
1371
-13
🇩🇪 Britons · Germany
1361
-13
EigenVector
10:02 Feudal Age
8:49 Loom
12:19 Bloodlines
14:30 Scale Barding Armor
14:55 Forging
22:09 Castle Age
23:02 Husbandry
22:22 Light Cavalry
23:53 Chain Barding Armor
l3av3x
4:57 Loom
11:34 Feudal Age
15:49 Castle Age
15:08 Double-Bit Axe
15:04 Horse Collar
21:26 Fletching
24:37 Padded Archer Armor
Haider_435
4:10 Loom
10:22 Feudal Age
14:12 Fletching
17:55 Double-Bit Axe
22:52 Castle Age
21:21 Horse Collar
21:42 Gold Mining
23:30 Bodkin Arrow
22:56 Crossbowman
25:55 Ballistics
Itachi_+_+
7:00 Loom
9:43 Feudal Age
10:12 Double-Bit Axe
11:26 Horse Collar
12:48 Wheelbarrow
14:15 Town Watch
22:30 Castle Age
20:50 Forging
21:02 Bloodlines
20:53 Gold Mining
22:10 Scale Barding Armor
23:13 Husbandry
23:49 Iron Casting
24:54 Chain Barding Armor
PrEyOnU1
9:54 Loom
12:07 Feudal Age
15:53 Castle Age
14:07 Double-Bit Axe
14:35 Horse Collar
15:02 Fletching
16:33 Bodkin Arrow
21:20 Wheelbarrow
20:49 Padded Archer Armor
26:12 Husbandry
Ice2207
8:01 Loom
10:16 Feudal Age
11:12 Double-Bit Axe
16:58 Fletching
24:46 Castle Age
23:19 Horse Collar
25:31 Bodkin Arrow
24:58 Crossbowman
GOAT Gobz
4:35 Loom
10:11 Feudal Age
11:04 Double-Bit Axe
16:36 Forging
18:59 Scale Barding Armor
20:34 Domestication
24:10 Castle Age
25:30 Iron Casting
24:19 Light Cavalry
25:48 Husbandry
26:12 Chain Barding Armor
Red Calypso
7:03 Loom
9:22 Feudal Age
10:27 Double-Bit Axe
21:41 Castle Age
20:10 Forging
21:00 Horse Collar
21:32 Scale Mail Armor
21:28 Stone Mining
22:41 Bow Saw
23:01 Chain Mail Armor
24:17 Wheelbarrow
23:47 Squires
26:33 Iron Casting
Connection lost

Rejoining the realm…

Still unreachable

The connection could not be restored.

Session expired

The server has moved on; the page needs a fresh start.